 Dungeon Crawl Stone Soup version 0.31-a0-703-gcfe89afef6 (webtiles) character file.

Game seed: 17007580217052066568

56 qw the Shooter (level 3, -2/22 HPs)
             Began as a Gargoyle Hunter on Sept 8, 2023.
             Slain by a gnoll
             ... wielding a +0 halberd
              (5 damage)
             ... on level 1 of the Dungeon.
             The game lasted 00:00:32 (1546 turns).

qw the Shooter (Gargoyle Hunter)                    Turns: 1546, Time: 00:00:33

Health: -2/22      AC:  9    Str: 14    XL:     3   Next: 97%
Magic:  3/3        EV: 10    Int:  9    God:
Gold:   55         SH:  0    Dex: 15    Spells: 2/2 levels left

rFire   . . .        Y - +1 shortbow
rCold   . . .        (shield currently unavailable)
rNeg    + . .        l - +0 ring mail
rPois   inf          k - +0 helmet
rElec   +            (no cloak)
rCorr   .            (no gloves)
SInv    .            (no boots)
Will    .....        (no amulet)
Stlth   +            (no ring)
HPRegen 0.23/turn    (no ring)
MPRegen 0.08/turn

%: no passive effects
@: no status effects
A: sickness immunity, AC +3, negative energy resistance 1, electricity
resistance, torment resistance 1, petrification resistance
a: no special abilities


You were on level 1 of the Dungeon.
You visited 1 branch of the dungeon, and saw 2 of its levels.

You collected 55 gold pieces.


Innate Abilities, Weirdness & Mutations

You are immune to sickness and miasma.
Your stone body is resilient. (AC +3)
You are immune to poison.
You resist negative energy. (rN+)
You are resistant to electric shocks. (rElec)
You are resistant to unholy torment.
You are immune to petrification.


   Skills:
 + Level 2.9 Fighting
 - Level 5.0 Ranged Weapons
 - Level 1.0 Armour
 - Level 1.5 Dodging
 - Level 1.1 Stealth


You had 2 spell levels left.
You didn't know any spells.
Your spell library was empty.

Inventory:

Hand Weapons
 Y - a +1 shortbow (weapon)
Armour
 k - a +0 helmet (worn)
 l - a +0 ring mail (worn)
Potions
 f - a potion of lignification {unknown}
 g - a potion of invisibility {unknown}
 i - a potion of heal wounds {unknown}

Dungeon Overview and Level Annotations

Branches:
Dungeon (2/15)

Altars:


Message History

There is a stone staircase leading down here.
You start resting.
HP restored.
Done exploring.
1535 ||| READING scroll labelled PILIT RAOQU.
As you read the scroll labelled PILIT RAOQU, it crumbles to dust.
It is a scroll of identify.
Done exploring.
1536 ||| READING scroll labelled TATSYCSOISO.
The air fills with toxic fumes!
As you read the scroll labelled TATSYCSOISO, it crumbles to dust.
It was a scroll of poison.
Done exploring.
What level of the Dungeon? (default 2, ? - help)
You climb downwards.
The gnoll hits you from afar with a +0 halberd.
There is a stone staircase leading up here.
1539 |||
Found retreat position at 1,-1 (floor) with 0 blocking monsters and 1 monsters attacking at destination at distance 1
1539 ||| Stepping ~*~*~tactically~*~*~ (retreating).
The gnoll hits you with a +0 halberd.
You shoot an arrow. The arrow hits the gnoll.
The gnoll is moderately wounded.
1541 |||
Found retreat position at -1,2 (gnoll; floor) with 0 blocking monsters and 2 monsters attacking at destination at distance 2
1541 ||| Stepping ~*~*~tactically~*~*~ (retreating).
The gnoll hits you with a +0 halberd.
There is a stone staircase leading up here.
1542 |||
Found retreat position at 0,1 (gnoll; floor) with 0 blocking monsters and 1 monsters attacking at destination at distance 1
1542 ||| STAIRDANCE The gnoll throws an atropa-tipped dart.
The atropa-tipped dart hits you!
You are unaffected.
The gnoll closely misses you.
You climb upwards.
There is a stone staircase leading down here.
You shoot an arrow. The arrow hits the gnoll!
The gnoll is severely wounded.
The gnoll misses you. The gnoll hits you with a +0 halberd.
You shoot an arrow. The arrow closely misses the gnoll.
The gnoll hits you with a +0 halberd.
You shoot an arrow. The arrow completely misses the gnoll.
The gnoll hits you with a +0 halberd.
You die...

#..........# #.# #.#.#
#..........# #.# #.#.#
#####..##### #.# #.#.#
#........# ##.# #.#.#
#........# ##..# #.#.#
#........#######..## #.#.#
#..................# #.#.##
#....%...#.g.......###.#...
#......).#@.............###
#........#.........######
#........#.........#
##########.........#
#.........# #.........#
#.........# ###########


You could see a gnoll.

Vanquished Creatures
  An adder (D:2)
  2 worms (D:2)
  A dart slug (D:1)
  3 endoplasms
  A giant cockroach (D:1)
  3 goblins
  2 hobgoblins
  2 quokkas
  4 ball pythons
  5 bats
  5 frilled lizards
  7 kobolds
  3 rats
39 creatures vanquished.

Notes
Turn   | Place    | Note
-------+----------+-------------------------------------------
     0 | D:1      | qw the Gargoyle Hunter began the quest for the Orb.
     0 | D:1      | Reached XP level 1. HP: 12/12 MP: 1/1
     0 | D:1      | 0 ||| qw: Version: 0.3-a-76-g4403597
     0 | D:1      | 0 ||| qw: Game counter: 1297
     0 | D:1      | 0 ||| qw: Melee chars always use a shield: true
     0 | D:1      | 0 ||| qw: God list: Okawaru
     0 | D:1      | 0 ||| qw: Allow faded altars: false
     0 | D:1      | 0 ||| qw: Do Orc after clearing Dungeon:15 true
     0 | D:1      | 0 ||| qw: Do second Lair branch before Depths: true
     0 | D:1      | 0 ||| qw: Lair rune preference: random
     0 | D:1      | 0 ||| qw: Goals: Normal
     0 | D:1      | 0 ||| PLANNING D:1-11
   122 | D:1      | Reached XP level 2. HP: 17/17 MP: 2/2
   792 | D:1      | 792 ||| UPGRADING to +0 helmet.
   797 | D:1      | 797 ||| UPGRADING to +0 ring mail.
   807 | D:1      | 807 ||| DROPPING +0 leather armour.
   808 | D:1      | 808 ||| READING scroll labelled VEPSEGE ROASH.
   809 | D:1      | 809 ||| READING scroll labelled KOC HUYROMPU.
   810 | D:1      | 810 ||| READING scroll labelled SALELI LIKISH.
   911 | D:1      | 911 ||| READING scroll labelled NIDESHEVVA.
   915 | D:1      | 915 ||| DROPPING scroll of butterflies.
   919 | D:2      | 919 ||| STAIRDANCE
   926 | D:1      | Reached XP level 3. HP: 16/21 MP: 3/3
   955 | D:2      | 955 ||| STAIRDANCE
  1044 | D:2      | Reached skill level 1 in Armour
  1128 | D:2      | Reached skill level 5 in Ranged Weapons
  1525 | D:2      | 1525 ||| Stepping ~*~*~tactically~*~*~ (retreating).
  1526 | D:2      | 1526 ||| STAIRDANCE
  1535 | D:1      | 1535 ||| READING scroll labelled PILIT RAOQU.
  1536 | D:1      | 1536 ||| READING scroll labelled TATSYCSOISO.
  1539 | D:2      | 1539 ||| Stepping ~*~*~tactically~*~*~ (retreating).
  1541 | D:2      | 1541 ||| Stepping ~*~*~tactically~*~*~ (retreating).
  1542 | D:2      | 1542 ||| STAIRDANCE
  1545 | D:1      | HP: 2/22 [gnoll/+0 halberd (6)]
  1546 | D:1      | Slain by a gnoll

Levels and vault maps discovered:
D:1:      tarquinn_simple_flora_water_d, layout_basic
D:2:      layout_loops_cross, serial_forest, infiniplex_forest_lined_3,
          infiniplex_forest_end_double, infiniplex_forest_straight_5,
          infiniplex_forest_lined_ring, infiniplex_forest_lined_3,
          infiniplex_forest_lined_2, infiniplex_forest_lined_1,
          infiniplex_forest_straight_4, grunt_ministairs_8,
          hangedman_decor_slide_cut, amcnicky_mini_pool_small

Skill      XL: |  1  2  3 |
---------------+----------+-----
Armour         | 1 |  1.0
Ranged Weapons | 5 |  5.0
Fighting       | |  2.9
Dodging        | |  1.5
Stealth        | |  1.1

Action                     || total
---------------------------++-------
   Fire: Shortbow          ||   119
    Use: Scroll            ||     6
 Armour: Leather armour    ||    15
         Ring mail         ||    24
  Dodge: Dodged            ||    31

Table legend:
 A = Non-vault XP
 B = Vault XP
 C = Vault XP percentage of total XP
 D = Non-vault monster count
 E = Vault monster count
 F = Vault count percentage of total count
                 A         B        C        D         E       F
            +---------+---------+-------+---------+---------+-------
      Total |      75 |       6 |   7.4 |      37 |       2 |   5.1
            +---------+---------+-------+---------+---------+-------
        D:1 |      33 |       1 |   2.9 |      20 |       1 |   4.8
        D:2 |      42 |       5 |  10.6 |      17 |       1 |   5.6
            +---------+---------+-------+---------+---------+-------
